Unix NetHack Version 5.0.0-0 post-release - last build May  4 2026 22:22:43 (774f63e81ad911689b3a0859ea89b322d5daca8d,branch:main).

Game began 2026-05-08 22:37:48, ended 2026-05-09 00:22:15.

IceCreamJones, chaotic female human Wizard

                         ------
                       # .....
                       @B.-
 ------                #  |
 |....|                #
 |.....#################
 |....|    #    ########
 --.---    #   ##
   #       ### #
   ###       ###
     #        ##
     ###      ##
   ----.----- ##
   |..[.....| ##
   |......`.| ##
   |........-####
   |..<.....|  ##
   ----------

IceCreamJones the Thaumaturge  St:14 Dx:14 Co:15 In:18 Wi:14 Ch:9  Chaotic
Dlvl:6  $:0  HP:0(46) Pw:77(77) AC:6  Xp:7 T:7060  Burdened

Latest messages:
 There is a gnome corpse here; eat it? [ynq] (n) y
 This gnome corpse tastes terrible!
 You finish eating the gnome corpse.
 You have a little trouble lifting P - a food ration.
 What do you want to use or apply? [bcfqrwyGJKN or ?*] b
 You put a scroll of teleportation into the bag called sack?.
 You put a spellbook of chain lightning into the bag called sack?.
 What do you want to write with? [- ac-gqtuwyBEGJLMT or ?*] L
 You write in the dust with a black gem.
 What do you want to write in the dust here? d
 What do you want to call? [bfrswEGJLNU or ?*] L
 Call a black gem: black soft
 What do you want to write with? [- ac-gqtuwyBEGJLMT or ?*] *
 You wipe out the message that was written in the dust here.
 You engrave in the ground with a yellowish brown gem.
 What do you want to engrave in the ground here? asdfa
 You finish engraving.
 You hear a door open.
 What do you want to write with? [- ac-gqtuwyBEGJLMT or ?*] E
 You engrave in the floor with a yellowish brown gem.
 What do you want to engrave in the floor here? sdf
 You finish engraving.
 What do you want to call? [bfrswEGJLNU or ?*] E
 Call a yellowish brown gem: yb HARD
 What do you want to use or apply? [bcfqrwyGJN or ?*] b
 You put a gem called black soft into the bag called sack?.
 You put a gem called yb HARD into the bag called sack?.
 What do you want to wield? [- agtuBMT or ?*] a
 You are already wielding that!
 You hear a door open.
 You hear someone beseeching Ptah.
 The giant bat bites!
 The giant bat bites!
 The giant bat bites!
 The giant bat bites!
 The giant bat bites!
 You hit the giant bat!
 The giant bat bites!
 The giant bat bites!
 You miss the giant bat.
 The giant bat bites!
 The giant bat bites!
 The giant bat bites!
 The giant bat bites!
 You die...
 Do you want your possessions identified? [ynq] (y) n
 Do you want to see your attributes? [ynq] (y) n
 Do you want an account of creatures vanquished? [ynaq] (y) n
 Do you want to see your conduct and achievements? [ynq] (y) n
 Do you want to see the dungeon overview? [ynq] (y) n

Inventory:
 Weapons  (')')
  M - a blessed +0 dagger
  g - a +1 dagger
  T - 4 +0 daggers
  t - 3 +0 orcish daggers
  u - a cursed corroded -1 orcish dagger
  B - a blessed +0 aklys
  a - a blessed +2 quarterstaff (weapon in hands)
 Armor    ('[')
  s - an uncursed +0 orcish helm (being worn)
  U - an uncursed +0 pair of iron shoes (being worn)
  F - an uncursed +0 cloak of magic resistance (being worn)
 Comestibles  ('%')
  P - an uncursed food ration
 Rings    ('=')
  e - an uncursed ring of polymorph control (on right hand)
  d - an uncursed ring of teleport control (on left hand)
 Wands    ('/')
  y - a wand of create monster (0:11)
  w - a wand of locking (0:3)
  J - a wand of opening (0:5)
  f - a wand of speed monster (0:6)
  G - a wand of striking (0:6)
  q - a wand of teleportation (0:8)
  c - a wand of teleportation (0:3)
 Tools    ('(')
  b - a cursed sack containing 32 items
  r - an uncursed skeleton key
  N - an uncursed tallow candle

Contents of the sack:
  273 gold pieces
  an uncursed +0 mummy wrapping
  an uncursed scroll of enchant armor
  a cursed scroll of enchant weapon
  3 uncursed scrolls of identify
  a blessed scroll of identify
  an uncursed scroll of magic mapping
  2 uncursed scrolls of teleportation
  an uncursed spellbook of chain lightning
  an uncursed potion of gain energy
  an uncursed potion of gain ability
  a cursed potion of healing
  5 uncursed potions of healing
  a blessed potion of extra healing
  an uncursed potion of restore ability
  a cursed potion of sleeping
  an uncursed potion of water
  a cursed -1 ring of gain constitution
  an empty uncursed sack
  an uncursed brass lantern
  a magic marker (0:32)
  a +0 pick-axe
  an uncursed worthless piece of black glass
  an uncursed turquoise stone
  an uncursed worthless piece of blue glass
  an uncursed aquamarine stone
  an uncursed worthless piece of green glass
  an uncursed worthless piece of orange glass
  a cursed worthless piece of orange glass
  an uncursed worthless piece of red glass
  2 uncursed worthless pieces of white glass
  an uncursed topaz stone

IceCreamJones the Wizard's attributes:

Background:
 You were a Thaumaturge, a level 7 female human Wizard.
 You were chaotic, on a mission for Anhur
 who was opposed by Ptah (lawful) and Thoth (neutral).
 You were right-handed.
 You were in the Gnomish Mines, on level 6.
 You entered the dungeon 7060 turns ago.
 It was the midnight hour.
 You had 1179 experience points, 101 more were needed to attain level 8.

Basics:
 You had 0 out of 46 hit points.
 You had all 77 energy points (spell power).
 Your armor class was 6.
 Your wallet was empty, but
 you had 273 zorkmids stashed away in your pack.
 Autopickup was off.

Final Characteristics:
 Your strength was 14 (limit:18/100).
 Your dexterity was 14 (limit:18).
 Your constitution was 15 (limit:18).
 Your intelligence was 18 (limit:18).
 Your wisdom was 14 (limit:18).
 Your charisma was 9 (limit:18).

Final Status:
 You weren't hungry.
 You were burdened; movement was slightly slowed.
 You were wielding a quarterstaff.
 You were skilled in quarterstaff and could have enhanced that.

Final Attributes:
 You were piously aligned.
 You were magic-protected.
 You had teleport control.
 You were warded.
 You had polymorph control.
 You are dead.

Miscellaneous:
 You didn't encounter any bones levels.
 Total elapsed playing time was 1 hour, 12 minutes and 38 seconds.

Major events:
 Turn
    1: IceCreamJones the chaotic female human Wizard entered the dungeon
  856: attained the rank of Conjurer (level 3)
 2428: entered the Gnomish Mines
 3989: attained the rank of Thaumaturge (level 6)
 7060: killed by a giant bat

Spells:
 Name                 Level Category     Fail Retention
 force bolt             1   attack         0%   61%-70%
 slow monster           2   enchantment    0%   61%-70%

Skills:
 Fighting Skills
   bare handed combat [Unskilled]
   riding             [Unskilled]
 Weapon Skills
   dagger             [Unskilled]
   knife              [Unskilled]
   axe                [Unskilled]
   short sword        [Unskilled]
   club               [Unskilled]
   mace               [Unskilled]
   quarterstaff       [Skilled]
   polearms           [Unskilled]
   spear              [Unskilled]
   trident            [Unskilled]
   sling              [Unskilled]
   dart               [Unskilled]
   shuriken           [Unskilled]
 Spellcasting Skills
   attack spells      [Basic]
   healing spells     [Unskilled]
   divination spells  [Unskilled]
   enchantment spells [Basic]
   clerical spells    [Unskilled]
   escape spells      [Unskilled]
   matter spells      [Unskilled]

Voluntary challenges:
 Character rerolling was not enabled.
 You never genocided any monsters.
 You never polymorphed an object.
 You never changed form.
 You used no wishes.
Achievements:
 You attained the rank of Conjurer.
 You entered a shop.
 You entered the Gnomish Mines.
 You attained the rank of Thaumaturge.

 The Dungeons of Doom: levels 1 to 7
    Level 1:
       A fountain.
    Level 2:
       A general store.
    Level 3:
       A scroll shop.
       Stairs down to The Gnomish Mines.
    Level 4:
    Level 5:
    Level 6:
       Many fountains.
    Level 7:
 The Gnomish Mines: levels 4 to 6
    Level 4:
    Level 5:
    Level 6: <- You were here.
       Final resting place for
          you, killed by a giant bat.


Vanquished creatures:
  a wolf
  a winter wolf cub
  a spotted jelly
  a leprechaun
  a gnome ruler
 an orc mummy
  a housecat
  a blue jelly
  a plains centaur
  a rope golem
 an imp
  a mountain nymph
  2 rock piercers
  a pony
  a fog cloud
  2 yellow lights
  a shrieker
  7 gnome leaders
  2 gnomish wizards
  a kobold mummy
 an elf zombie
  a ghoul
  5 giant ants
  a little dog
  3 floating eyes
  a kitten
  7 dwarves
  a kobold shaman
  a hill orc
  3 rothes
  a rabid rat
  a centipede
  a giant bat
  2 orc zombies
  4 dwarf zombies
  2 wererats
  4 iguanas
 an acid blob
  2 coyotes
  a gas spore
  2 hobbits
 10 manes
  2 hobgoblins
  3 cave spiders
  a yellow mold
  2 green molds
 20 gnomes
  2 gnome zombies
  5 geckos
  7 jackals
  5 foxes
  5 kobolds
  4 goblins
  2 sewer rats
 10 grid bugs
  7 lichens
  2 kobold zombies
  7 newts
168 creatures vanquished.

No species were genocided or became extinct.

Game over:
                       ----------
                      /          \
                     /    REST    \
                    /      IN      \
                   /     PEACE      \
                  /                  \
                  |  IceCreamJones   |
                  |      273 Au      |
                  |   killed by a    |
                  |    giant bat     |
                  |                  |
                  |                  |
                  |       2026       |
                 *|     *  *  *      | *
        _________)/\\_//(\/(/\)/\//\/|_)_______

Goodbye IceCreamJones the Wizard...

You died in The Gnomish Mines on dungeon level 6 with 5302 points,
and 273 pieces of gold, after 7060 moves.
You were level 7 with a maximum of 46 hit points when you died.

